[Event "Titled Tuesday Blitz July 25 Late 2023"]
[White "Topalov, Aleksandar"]
[Black "Osiecki, Stanislaw"]
[WhiteFideId "925659"]
[BlackFideId "1102990"]
[WhiteElo "2355"]
[BlackElo "2059"]
[Result "1-0"]
[Round "8"]
[TimeControl "180+2"]
[Date "2023.07.25"]
[WhiteClock "0:01:33"]
[BlackClock "0:01:21"]
[Board "119"]

1. b3 e5 2. Bb2 d6 3. d4 exd4 4. Qxd4 Nf6 5. Nc3 Nc6 6. Qf4 Be7 7. Nf3 O-O 8. O-O-O a5 9. a3 Be6 10. e4 Nd7 11. Kb1 Bf6 12. h4 Nde5 13. Nd5 Bxd5 14. exd5 Nxf3 15. Bxf6 Qxf6 16. Qxf6 gxf6 17. dxc6 Ne5 18. cxb7 Ra7 19. Rd5 Rxb7 20. Rxa5 Ng4 21. f3 Ne3 22. Bd3 Kh8 23. g4 Ng2 24. h5 Nf4 25. Be4 Rd8 26. Bxb7 1-0


[Site "https://www.chess.com"]

[Event "Titled Tuesday Blitz July 25 Late 2023"]
[White "Hamidi, Amir Mohammad"]
[Black "Novikova, Margarita"]
[WhiteFideId "12563285"]
[BlackFideId "14109689"]
[WhiteElo "2754"]
[BlackElo "2175"]
[Result "0-1"]
[Round "8"]
[TimeControl "180+2"]
[Date "2023.07.25"]
[WhiteClock "0:00:02"]
[BlackClock "0:00:31"]
[Board "120"]

1. e4 d5 2. e5 c5 3. Nf3 a6 4. b4 cxb4 5. a3 bxa3 6. d4 Bg4 7. Bxa3 Nc6 8. c3 e6 9. Bd3 Bxa3 10. Nxa3 Nge7 11. h3 Bf5 12. Be2 O-O 13. g4 Be4 14. O-O f6 15. exf6 Rxf6 16. Ng5 Bg6 17. Bd3 h6 18. Nf3 Qf8 19. Nh4 Bxd3 20. Qxd3 g5 21. Ng2 Rf3 22. Qd2 Rxh3 23. Rae1 Qf3 24. Re3 Qxg4 25. Rxh3 Qxh3 26. Re1 Rf8 27. Nc2 Ng6 28. Re3 Qg4 29. Qe1 Nh4 30. Rg3 Nf3+ 31. Rxf3 Rxf3 32. Kh2 Qh5+ 33. Kg1 Nd8 34. Qe2 Rh3 35. Kf1 Rh1# 0-1


[Site "https://www.chess.com"]

[Event "Titled Tuesday Blitz July 25 Late 2023"]
[White "JERO-8914"]
[Black "Barwinska, Ewa"]
[BlackFideId "21833761"]
[WhiteElo "2472"]
[BlackElo "2296"]
[Result "1-0"]
[Round "8"]
[TimeControl "180+2"]
[Date "2023.07.25"]
[WhiteClock "0:00:19"]
[BlackClock "0:00:00"]
[Board "121"]

1. c4 c5 2. Nf3 g6 3. d4 cxd4 4. Qxd4 Nf6 5. g3 Nc6 6. Qf4 Bg7 7. Bg2 d6 8. O-O e5 9. Qd2 Be6 10. b3 d5 11. Ba3 dxc4 12. Qc2 cxb3 13. axb3 Rc8 14. Qb2 e4 15. Ng5 Nh5 16. Nxe6 Bxb2 17. Nxd8 Bxa1 18. Nxb7 Be5 19. Bxe4 Nd4 20. Bd3 Rb8 21. Ba6 Nxe2+ 22. Kg2 Nc3 23. Re1 f6 24. Nxc3 Kf7 25. Nd5 Rhc8 26. Nc5 1-0


[Site "https://www.chess.com"]

[Event "Titled Tuesday Blitz July 25 Late 2023"]
[White "Celestino, Rafael Teixeira"]
[Black "ZugZwang1201"]
[WhiteFideId "2108925"]
[WhiteElo "2260"]
[BlackElo "2456"]
[Result "0-1"]
[Round "8"]
[TimeControl "180+2"]
[Date "2023.07.25"]
[WhiteClock "0:00:01"]
[BlackClock "0:00:15"]
[Board "122"]

1. e4 c5 2. Nf3 e6 3. d4 cxd4 4. Nxd4 a6 5. Nc3 Qc7 6. Be2 Nf6 7. O-O h5 8. h4 Be7 9. Bg5 d6 10. a4 Nbd7 11. a5 Ne5 12. Na4 Bd7 13. Nb6 Rd8 14. Bxf6 Bxf6 15. Bxh5 Bxh4 16. f4 Nc4 17. Nxd7 Qxd7 18. Qg4 Bf6 19. c3 g6 20. Bxg6 Bxd4+ 21. cxd4 fxg6 22. Qxg6+ Qf7 23. Qg3 Kd7 24. Rac1 Nxa5 25. f5 Rdg8 26. Qa3 Nc6 27. fxe6+ Qxe6 28. d5 Rxg2+ 29. Kxg2 Qxe4+ 30. Kf2 Rf8+ 31. Kg1 Qg4+ 32. Kh2 Rh8+ 33. Qh3 Rxh3# 0-1


[Site "https://www.chess.com"]

[Event "Titled Tuesday Blitz July 25 Late 2023"]
[White "Mendez Machado, Andre"]
[Black "szachmistrz2500"]
[WhiteFideId "6603793"]
[WhiteElo "2258"]
[BlackElo "2423"]
[Result "1-0"]
[Round "8"]
[TimeControl "180+2"]
[Date "2023.07.25"]
[WhiteClock "0:00:18"]
[BlackClock "0:00:55"]
[Board "123"]

1. e4 c5 2. Nc3 e6 3. d4 cxd4 4. Qxd4 Nc6 5. Qe3 a6 6. Qg3 d6 7. Bd3 Nb4 8. Nge2 g6 9. O-O Bg7 10. f4 Nxd3 11. cxd3 Ne7 12. Be3 O-O 13. d4 d5 14. e5 Nf5 15. Qf2 Nxe3 16. Qxe3 b5 17. b4 Bd7 18. a4 Qb6 19. a5 Qa7 20. g4 Rac8 21. f5 exf5 22. gxf5 Bxf5 23. Nxd5 Rfe8 24. Rac1 Rxe5 25. dxe5 Qa8 26. Rxc8+ Bxc8 27. Ne7+ Kf8 28. Qc5 Be6 29. Nd4 Bc4 30. Rf2 Qe4 31. Nxg6+ Kg8 32. Qc8+ Bf8 33. Qxf8# 1-0


[Site "https://www.chess.com"]

[Event "Titled Tuesday Blitz July 25 Late 2023"]
[White "Coro, Lucas"]
[Black "Vaglio Munoz, Jaime"]
[WhiteFideId "147222"]
[BlackFideId "6500145"]
[WhiteElo "2406"]
[BlackElo "2245"]
[Result "0-1"]
[Round "8"]
[TimeControl "180+2"]
[Date "2023.07.25"]
[WhiteClock "0:00:00"]
[BlackClock "0:02:18"]
[Board "124"]

1. Nf3 c6 2. e4 Qa5 3. Nc3 b5 4. d4 b4 5. Ne2 Ba6 6. Nf4 Bxf1 7. Kxf1 d5 8. e5 e6 9. Bd2 c5 10. c3 cxd4 11. cxd4 Ne7 12. h4 Nbc6 13. h5 Nf5 14. Be1 Qb6 15. Ne2 Be7 16. g4 Nh6 17. Rg1 f6 18. exf6 gxf6 0-1


[Site "https://www.chess.com"]

[Event "Titled Tuesday Blitz July 25 Late 2023"]
[White "Sarkar, Justin"]
[Black "Al Mukhaini, Shima"]
[WhiteFideId "2010011"]
[BlackFideId "22005854"]
[WhiteElo "2227"]
[BlackElo "2390"]
[Result "1-0"]
[Round "8"]
[TimeControl "180+2"]
[Date "2023.07.25"]
[WhiteClock "0:00:06"]
[BlackClock "0:01:08"]
[Board "125"]

1. d4 d5 2. c4 dxc4 3. Nc3 Nf6 4. e4 e6 5. Bxc4 Be7 6. e5 Nd5 7. Qg4 Kf8 8. Nf3 Nxc3 9. bxc3 c5 10. O-O Nc6 11. Be3 cxd4 12. cxd4 Na5 13. Bd3 b6 14. Ng5 h6 15. Nxf7 Kxf7 16. Qf3+ Kg8 17. Qxa8 Bb7 18. Qxa7 Qd5 19. f3 Bd8 20. Be4 Qd7 21. Bxb7 Nxb7 22. Rac1 Kf7 23. f4 g6 24. Qa6 Rf8 25. Qc4 Kg7 26. Qc8 Qe7 27. Rc6 Kf7 28. Rfc1 Na5 29. R6c2 Kg8 30. Qa6 g5 31. fxg5 hxg5 32. Qd3 Qh7 33. Qxh7+ Kxh7 34. d5 exd5 35. Rd1 Kg6 36. Rxd5 Kf5 37. e6+ Kxe6 38. Rb5 Rf5 39. Rxf5 Kxf5 40. Rd2 Bc7 41. Bf2 g4 42. Rc2 Bd8 43. Rc3 Ke4 44. Rc8 Bf6 45. Bxb6 Nb7 46. Re8+ Kf5 47. a4 Nd6 48. Rf8 Ke6 49. Rxf6+ Kxf6 50. a5 Nc4 51. Kf2 Ke5 52. Kg3 Kf5 53. Bc7 Ke6 54. a6 Kd7 55. a7 Kxc7 56. a8=Q Kd6 57. Qa4 Ne5 58. Qf4 Ke6 59. Qxe5+ Kxe5 60. Kxg4 Kf6 61. h4 Kg6 62. h5+ Kh6 63. Kh4 Kg7 64. Kg5 Kh7 65. h6 Kg8 66. Kh5 Kh8 67. Kg6 Kg8 68. g4 Kh8 69. g5 Kg8 70. Kf6 Kh8 71. Kf7 Kh7 72. g6+ Kxh6 73. g7 1-0


[Site "https://www.chess.com"]

[Event "Titled Tuesday Blitz July 25 Late 2023"]
[White "Dwilewicz, Katarzyna"]
[Black "Ardila, Oscar Humberto"]
[WhiteFideId "1148486"]
[BlackFideId "4404742"]
[WhiteElo "2387"]
[BlackElo "2225"]
[Result "0-1"]
[Round "8"]
[TimeControl "180+2"]
[Date "2023.07.25"]
[WhiteClock "0:00:00"]
[BlackClock "0:00:20"]
[Board "126"]

1. e4 e5 2. Nf3 Nf6 3. Nc3 Nc6 4. d4 exd4 5. Nxd4 Bb4 6. Nxc6 bxc6 7. Bd3 d5 8. exd5 cxd5 9. O-O O-O 10. Bg5 c6 11. Qf3 Bd6 12. Rfe1 h6 13. Bxf6 Qxf6 14. Qxf6 gxf6 15. Ne2 Be5 16. Rab1 Rb8 17. b3 a5 18. a4 Bd7 19. Ng3 Rfd8 20. Nf5 Bxf5 21. Bxf5 Bd6 22. Rbd1 Bb4 23. Re3 Re8 24. Rg3+ Kf8 25. Bd7 Re2 26. Bxc6 Rxc2 27. Bxd5 Bc5 28. Rf1 Rd8 29. Rd3 Re8 30. Rf3 Kg7 31. Bc4 Rd8 32. g3 Rdd2 33. Kg2 Rb2 34. Rf5 Bd4 35. g4 Bc3 36. Re1 Rd4 37. Re7 Rxg4+ 38. Kf3 Rxc4 39. bxc4 Bd4 40. Rxa5 Rxf2+ 41. Kg3 Rc2 42. Rb5 Rxc4 43. a5 Ra4 44. Rd7 Be5+ 45. Kg2 Ra2+ 46. Kf3 Bxh2 47. Ra7 Bg1 48. Ra8 h5 49. a6 h4 50. Rb4 Rf2+ 51. Ke4 f5+ 52. Kd5 h3 53. Kc4 h2 54. a7 Ra2 55. Rb7 h1=Q 0-1


[Site "https://www.chess.com"]

[Event "Titled Tuesday Blitz July 25 Late 2023"]
[White "Alexikov, Alexander"]
[Black "Haitin, Ilja"]
[WhiteFideId "14103958"]
[BlackFideId "4501764"]
[WhiteElo "2216"]
[BlackElo "2369"]
[Result "0-1"]
[Round "8"]
[TimeControl "180+2"]
[Date "2023.07.25"]
[WhiteClock "0:00:00"]
[BlackClock "0:00:02"]
[Board "127"]

1. e4 b6 2. d4 Bb7 3. Bd3 e6 4. Qe2 d6 5. f4 Nd7 6. Nf3 g6 7. O-O Bg7 8. c3 Ne7 9. Be3 O-O 10. Nbd2 c5 11. Rad1 cxd4 12. cxd4 d5 13. e5 Nf5 14. Bf2 a5 15. g4 Ne7 16. Bh4 Qe8 17. f5 exf5 18. gxf5 Nxf5 19. Bxf5 gxf5 20. Kf2 Kh8 21. Rg1 Rg8 22. Rg5 Nf8 23. Rxf5 Ne6 24. Rg1 Qa4 25. Qe3 Raf8 26. Rxg7 Nxg7 27. Bf6 Qc2 28. Rg5 Rc8 29. h4 Rc6 30. Qf4 Ba6 31. h5 Rxf6 32. Qxf6 h6 33. Qxh6+ Qh7 34. Qf6 Bc8 35. h6 Be6 36. Rg3 a4 37. Ng5 Qf5+ 38. Qxf5 Nxf5 0-1


[Site "https://www.chess.com"]

[Event "Titled Tuesday Blitz July 25 Late 2023"]
[White "Lalanne, Pablo"]
[Black "Chlpik, Martin"]
[WhiteFideId "112151"]
[BlackFideId "14923351"]
[WhiteElo "2363"]
[BlackElo "2211"]
[Result "1-0"]
[Round "8"]
[TimeControl "180+2"]
[Date "2023.07.25"]
[WhiteClock "0:00:37"]
[BlackClock "0:00:35"]
[Board "128"]

1. d4 c5 2. d5 Nf6 3. c4 b5 4. cxb5 a6 5. bxa6 g6 6. Nc3 Bg7 7. e4 O-O 8. e5 Ne8 9. f4 d6 10. Nf3 Nd7 11. e6 Bxc3+ 12. bxc3 fxe6 13. Ng5 Ndf6 14. dxe6 Nc7 15. Nf7 Qe8 16. f5 Rxf7 17. exf7+ Qxf7 18. fxg6 Qxg6 19. Be2 Bxa6 20. O-O Bb7 21. Bf3 d5 22. c4 e5 23. cxd5 e4 24. Be2 Ncxd5 25. Bc4 Kg7 26. Bb2 Kh6 27. Bxf6 Nxf6 28. Qd2+ Kg7 29. Qb2 Bc6 30. Rad1 e3 31. Rd6 Be4 32. Rdxf6 1-0


[Site "https://www.chess.com"]

[Event "Titled Tuesday Blitz July 25 Late 2023"]
[White "Lopez Perdomo, Juan David"]
[Black "Villarreal, Agustin"]
[WhiteFideId "4405137"]
[BlackFideId "125687"]
[WhiteElo "2209"]
[BlackElo "2347"]
[Result "1-0"]
[Round "8"]
[TimeControl "180+2"]
[Date "2023.07.25"]
[WhiteClock "0:00:12"]
[BlackClock "0:00:04"]
[Board "129"]

1. e4 e5 2. Nf3 Nc6 3. Bb5 a6 4. Ba4 Nf6 5. d3 b5 6. Bb3 Be7 7. h3 d6 8. c3 Na5 9. Bc2 c5 10. O-O Nc6 11. Re1 O-O 12. Nbd2 h6 13. Nf1 Re8 14. Ne3 Bf8 15. Bd2 d5 16. exd5 Nxd5 17. Nxd5 Qxd5 18. Qe2 Bf5 19. Be3 Qd7 20. Rad1 Rad8 21. Qf1 Qe6 22. Bb3 Qc8 23. Bc1 Na5 24. Bc2 Qc7 25. Re3 c4 26. Rde1 f6 27. Qe2 Bc5 28. d4 Bxc2 29. Qxc2 Ba7 30. Qg6 Qf7 31. Nxe5 fxe5 32. Qxa6 exd4 33. Rxe8+ Rxe8 34. Rxe8+ Qxe8 35. Qxa7 Qe1+ 36. Kh2 Qxc1 37. Qxa5 Qxb2 38. Qd8+ Kh7 39. Qxd4 Qxa2 40. Qe4+ Kg8 41. Qe8+ Kh7 42. Qxb5 Qb3 43. Qf5+ Kg8 44. Qe5 Qa2 45. Qd4 Qb3 46. Kg3 Qa2 47. f3 Qb3 48. Kf4 Qb8+ 49. Qe5 Qb3 50. Ke4 Qc2+ 51. Kd4 Qd3+ 52. Kc5 Qd2 53. Qe6+ Kh7 54. Qg4 Qd3 55. Qe4+ Qxe4 56. fxe4 Kg6 57. Kxc4 Kf6 58. Kd4 Ke7 59. Ke5 g5 60. g4 1-0


[Site "https://www.chess.com"]

[Event "Titled Tuesday Blitz July 25 Late 2023"]
[White "Rian, Kapriaga"]
[Black "Winslow, Elliott"]
[WhiteFideId "7103263"]
[BlackFideId "2002523"]
[WhiteElo "2343"]
[BlackElo "2185"]
[Result "0-1"]
[Round "8"]
[TimeControl "180+2"]
[Date "2023.07.25"]
[WhiteClock "0:00:00"]
[BlackClock "0:00:06"]
[Board "130"]

1. d4 Nf6 2. Nf3 g6 3. c4 Bg7 4. Nc3 O-O 5. e4 d6 6. h3 e5 7. d5 a5 8. Be2 Na6 9. Be3 Nh5 10. g3 Qe8 11. Nd2 Nf6 12. Bg4 Nd7 13. Bxd7 Bxd7 14. g4 f5 15. gxf5 gxf5 16. f3 f4 17. Bf2 Bf6 18. Qe2 Kh8 19. O-O-O c5 20. dxc6 bxc6 21. Nb3 a4 22. Na1 Be7 23. a3 Qd8 24. c5 Nxc5 25. Bxc5 dxc5 26. h4 Qc7 27. Nc2 Be6 28. Ne1 c4 29. Nc2 Rfb8 30. Rh2 Rb3 31. Na1 Rxc3+ 32. bxc3 Bxa3+ 33. Kd2 Qb6 34. Rg2 Qb2+ 35. Nc2 Bc5 36. Ke1 Qxc3+ 37. Kf1 Bh3 38. Rd7 a3 39. Nxa3 Qxa3 40. Qc2 Qe3 0-1


[Site "https://www.chess.com"]

[Event "Titled Tuesday Blitz July 25 Late 2023"]
[White "Oliveira, Tiago Batista"]
[Black "Kostiukov, Alexandr"]
[WhiteFideId "2108291"]
[BlackFideId "14108100"]
[WhiteElo "2168"]
[BlackElo "2324"]
[Result "0-1"]
[Round "8"]
[TimeControl "180+2"]
[Date "2023.07.25"]
[WhiteClock "0:00:05"]
[BlackClock "0:01:24"]
[Board "131"]

1. d4 g6 2. c4 Bg7 3. Nc3 d6 4. e4 e5 5. Nf3 exd4 6. Nxd4 Nc6 7. Be3 Nge7 8. Be2 O-O 9. O-O f5 10. f3 fxe4 11. Nxe4 Nf5 12. Nxf5 Bxf5 13. Qd5+ Kh8 14. Rad1 Bxe4 15. fxe4 Qe7 16. Bg5 Qe5 17. Rf7 Rxf7 18. Qxf7 Qxg5 19. Qxc7 Qe3+ 20. Kf1 Rf8+ 21. Bf3 Ne5 22. Qxd6 Nxf3 23. gxf3 Rxf3+ 24. Kg2 Rf2+ 25. Kh1 Qf3+ 26. Kg1 Qg2# 0-1


[Site "https://www.chess.com"]

[Event "Titled Tuesday Blitz July 25 Late 2023"]
[White "Awoki, Daniel Teidi"]
[Black "Curtis, John"]
[WhiteFideId "2100827"]
[BlackFideId "3200256"]
[WhiteElo "2320"]
[BlackElo "2137"]
[Result "0-1"]
[Round "8"]
[TimeControl "180+2"]
[Date "2023.07.25"]
[WhiteClock "0:00:03"]
[BlackClock "0:00:03"]
[Board "132"]

1. e4 e6 2. d4 d5 3. Nd2 c5 4. exd5 Qxd5 5. Ngf3 cxd4 6. Bc4 Qd8 7. Qe2 Nc6 8. Nb3 Bc5 9. Bg5 Be7 10. Bf4 Bb4+ 11. Bd2 Qd6 12. O-O-O Nf6 13. Nbxd4 Nxd4 14. Nxd4 O-O 15. Bxb4 Qxb4 16. a3 Qb6 17. Nf3 Bd7 18. Ne5 Bc6 19. Nxc6 Qxc6 20. f3 Rac8 21. Bb3 Nd7 22. Rd2 Nc5 23. Ba2 b5 24. Rhd1 a5 25. Rd6 Qb7 26. h4 b4 27. axb4 axb4 28. Kb1 Ra8 29. Qc4 Rac8 30. R1d4 b3 31. Bxb3 Nxb3 32. Qxb3 Qc7 33. c3 h6 34. Rd7 Qh2 35. Qc2 Ra8 36. Rd1 Qxh4 37. R7d4 Qg5 38. Rd7 Qa5 39. Kc1 Rad8 40. Rxd8 Qa1+ 41. Kd2 Rxd8+ 42. Ke1 Rxd1+ 43. Qxd1 Qxb2 44. Qd8+ Kh7 45. Qd3+ g6 46. Kf1 Qc1+ 47. Kf2 Qb2+ 48. Kg1 Qc1+ 49. Kh2 Qf4+ 50. g3 Qc1 51. c4 Qe1 52. Qd4 Qe2+ 53. Kh3 Qxf3 54. c5 h5 55. Qf4 Qh1# 0-1


[Site "https://www.chess.com"]

[Event "Titled Tuesday Blitz July 25 Late 2023"]
[White "Kujawski, Adam"]
[Black "Tsukerman, Julia"]
[WhiteFideId "1100920"]
[BlackFideId "2621649"]
[WhiteElo "2316"]
[BlackElo "2126"]
[Result "1-0"]
[Round "8"]
[TimeControl "180+2"]
[Date "2023.07.25"]
[WhiteClock "0:02:33"]
[BlackClock "0:01:45"]
[Board "133"]

1. e4 c5 2. Nf3 d6 3. d4 cxd4 4. Nxd4 Nf6 5. Nc3 a6 6. Bg5 e6 7. f4 Be7 8. Qf3 Nbd7 9. O-O-O Qc7 10. Bd3 b5 11. Rhe1 Bb7 12. Qg3 b4 13. Nd5 exd5 14. exd5 Kf8 15. Nf5 Bd8 16. Bh6 Nh5 17. Bxg7+ Kg8 18. Re8+ 1-0


[Site "https://www.chess.com"]

[Event "Titled Tuesday Blitz July 25 Late 2023"]
[White "Manon-og, Ramon Jr."]
[Black "Gyulamiryan-koryun"]
[WhiteFideId "5200776"]
[WhiteElo "2307"]
[BlackElo "2074"]
[Result "1-0"]
[Round "8"]
[TimeControl "180+2"]
[Date "2023.07.25"]
[WhiteClock "0:00:20"]
[BlackClock "0:01:35"]
[Board "134"]

1. d4 Nf6 2. c4 c5 3. dxc5 e6 4. b4 a5 5. Bb2 axb4 6. Nf3 Bxc5 7. e3 O-O 8. Bd3 Nc6 9. O-O d5 10. cxd5 Nxd5 11. Nbd2 Nc3 12. Bxc3 bxc3 13. Ne4 Bb4 14. Qb1 b6 15. Rc1 Ba6 16. Bxa6 Rxa6 17. Nxc3 Qd6 18. Ne4 Qd5 19. Nfg5 h6 20. Nf6+ gxf6 21. Qh7# 1-0


[Site "https://www.chess.com"]

[Event "Titled Tuesday Blitz July 25 Late 2023"]
[White "Tarnowska, Aleksandra"]
[Black "Sala, Giulia"]
[WhiteFideId "1180967"]
[BlackFideId "2840451"]
[WhiteElo "2113"]
[BlackElo "2307"]
[Result "1-0"]
[Round "8"]
[TimeControl "180+2"]
[Date "2023.07.25"]
[WhiteClock "0:00:03"]
[BlackClock "0:00:52"]
[Board "135"]

1. e4 e5 2. Nf3 Nc6 3. Bb5 f5 4. Nc3 fxe4 5. Nxe4 Nf6 6. d3 d6 7. Bg5 Be7 8. Qd2 Bf5 9. Nxf6+ Bxf6 10. O-O-O O-O 11. h4 Bg4 12. Kb1 Bxg5 13. hxg5 Rxf3 14. gxf3 Bxf3 15. Qe3 Bxd1 16. Rxd1 Nd4 17. Ba4 b5 18. Bb3+ Nxb3 19. axb3 Qd7 20. Rg1 c6 21. Qg3 Rf8 22. Qh4 Qf5 23. Rh1 Qg6 24. Rg1 Rf4 25. Qh3 Qf5 26. Qh5 Qf7 27. g6 hxg6 28. Qh3 Qf5 29. Qh1 d5 30. Rg2 Rxf2 31. Rxf2 Qxf2 32. Qh3 Qf5 33. Qg2 g5 34. Qg1 d4 35. Qg2 Qf6 36. Qe4 Qe6 37. Ka2 a5 38. Qf3 g4 39. Qg3 Qf5 40. Qg2 Qe6 41. Qg3 g5 42. Qg2 Kg7 43. Qd2 Kg6 44. Qg2 a4 45. Qe4+ Kf6 46. Qh7 axb3+ 47. cxb3 g3 48. Qh6+ Kf5 49. Qh7+ Kf4 50. Qe4# 1-0


[Site "https://www.chess.com"]

[Event "Titled Tuesday Blitz July 25 Late 2023"]
[White "Lutz, Igor Oscar"]
[Black "Miguelitro69"]
[WhiteFideId "2110806"]
[WhiteElo "1960"]
[BlackElo "2303"]
[Result "1-0"]
[Round "8"]
[TimeControl "180+2"]
[Date "2023.07.25"]
[WhiteClock "0:00:04"]
[BlackClock "0:00:00"]
[Board "136"]

1. d4 d5 2. c4 e6 3. Nf3 Nf6 4. g3 g6 5. Bg2 Bg7 6. O-O O-O 7. Nbd2 Nbd7 8. Qc2 c6 9. e4 dxe4 10. Nxe4 Nxe4 11. Qxe4 c5 12. Rd1 cxd4 13. Nxd4 a6 14. Be3 Qc7 15. Rac1 Nc5 16. Qc2 e5 17. Nb3 Bf5 18. Qc3 Ne6 19. Qb4 e4 20. Nd4 Nxd4 21. Bxd4 Bxd4 22. Rxd4 Rfe8 23. Re1 Qc6 24. Rd6 Qc7 25. Rb6 Re7 26. c5 Rae8 27. Qc3 Bc8 28. Re3 Re5 29. b4 Bg4 30. Qd4 f5 31. Rd6 Qf7 32. Bf1 Kh8 33. Rd7 Qxa2 34. Bc4 Qb1+ 35. Kg2 Bf3+ 36. Kh3 Qg1 37. Rd8 Qg2+ 38. Kh4 Qxh2+ 39. Kg5 Qh5+ 40. Kf6 f4 41. Rxe8+ Rxe8 42. Kf7+ Re5 43. Qd8+ 1-0


[Site "https://www.chess.com"]

[Event "Titled Tuesday Blitz July 25 Late 2023"]
[White "Alahakoon, Isuru"]
[Black "Winkels, Marcel"]
[WhiteFideId "9900993"]
[BlackFideId "1003887"]
[WhiteElo "2331"]
[BlackElo "2068"]
[Result "0-1"]
[Round "8"]
[TimeControl "180+2"]
[Date "2023.07.25"]
[WhiteClock "0:00:00"]
[BlackClock "0:00:03"]
[Board "137"]

1. d4 Nf6 2. Bg5 Ne4 3. Bf4 d5 4. f3 Nf6 5. Nc3 Bf5 6. g4 Bg6 7. h4 h6 8. e3 c6 9. Bd3 Bxd3 10. Qxd3 e6 11. O-O-O Nbd7 12. Nh3 b5 13. g5 Nh5 14. g6 f6 15. e4 Bb4 16. exd5 cxd5 17. Nxb5 O-O 18. Bc7 Qc8 19. Qb3 a5 20. a4 Ra6 21. Kb1 Rc6 22. Bh2 Qb7 23. Nf4 Nxf4 24. Bxf4 Rfc8 25. c3 Be7 26. h5 Nb6 27. Bc1 Nc4 28. Rhe1 Qd7 29. f4 Nb6 30. Qc2 Rc4 31. b3 R4c6 32. Bb2 Rb8 33. Qd3 Nc8 34. Rf1 Nd6 35. Nxd6 Bxd6 36. Ka2 Rcb6 37. Qc2 Qb7 38. f5 Rxb3 39. Rb1 Ra3+ 40. Bxa3 Qc8 0-1


[Site "https://www.chess.com"]

[Event "Titled Tuesday Blitz July 25 Late 2023"]
[White "UgarteCesar"]
[Black "Jahnz, Fabian"]
[BlackFideId "4653300"]
[WhiteElo "2285"]
[BlackElo "2136"]
[Result "0-1"]
[Round "8"]
[TimeControl "180+2"]
[Date "2023.07.25"]
[WhiteClock "0:00:18"]
[BlackClock "0:00:59"]
[Board "138"]

1. d4 d5 2. Bf4 Nf6 3. e3 Bf5 4. Bd3 Bxd3 5. Qxd3 e6 6. Nf3 c6 7. Nbd2 Bd6 8. Bg3 O-O 9. O-O Bxg3 10. hxg3 Nbd7 11. e4 dxe4 12. Nxe4 Nxe4 13. Qxe4 Nf6 14. Qe2 Qc7 15. c3 Rad8 16. Rfe1 c5 17. Rad1 cxd4 18. Rxd4 Rxd4 19. Nxd4 a6 20. Qe5 Qxe5 21. Rxe5 Nd5 22. Kf1 Rc8 23. Ke2 b5 24. a3 Nb6 25. Kf3 Nc4 26. Re2 Rc5 27. g4 Kf8 28. Kg3 e5 29. Nf5 g6 30. Ne3 Nxe3 31. Rxe3 f5 32. gxf5 gxf5 33. Rd3 Ke7 34. f3 a5 35. Kh4 h6 36. Kh5 e4 37. Rd1 e3 38. f4 Rc4 39. g3 e2 40. Re1 Re4 41. Kg6 Ke6 42. Kxh6 Kf6 43. Kh5 a4 44. g4 Rxf4 45. g5+ Kg7 46. Rxe2 Kf7 47. Re5 Rf2 48. g6+ Kf6 49. Kh4 Kxe5 0-1


[Site "https://www.chess.com"]

[Event "Titled Tuesday Blitz July 25 Late 2023"]
[White "Burke, Paul"]
[Black "Clawitter, Craig"]
[WhiteFideId "2605767"]
[BlackFideId "2023105"]
[WhiteElo "1931"]
[BlackElo "2266"]
[Result "0-1"]
[Round "8"]
[TimeControl "180+2"]
[Date "2023.07.25"]
[WhiteClock "0:00:12"]
[BlackClock "0:00:02"]
[Board "139"]

1. e4 c6 2. d4 d5 3. exd5 cxd5 4. c4 Nf6 5. Nc3 Nc6 6. Nf3 Bg4 7. Be2 dxc4 8. Bxc4 e6 9. d5 exd5 10. Nxd5 Nxd5 11. Qxd5 Bb4+ 12. Bd2 Qe7+ 13. Kf1 Bxf3 14. gxf3 O-O 15. Re1 Qh4 16. Bxb4 Nxb4 17. Qe4 Qh3+ 18. Kg1 Nc6 19. Qg4 Qh6 20. Kg2 Rae8 21. Re4 Ne5 22. Qg3 Nxc4 23. Rxc4 Qe6 24. Rhc1 b5 25. R4c2 Qxa2 26. h4 g6 27. h5 Qe6 28. Qg4 Qxg4+ 29. fxg4 Re4 30. f3 Rb4 31. Re1 Rd8 32. Re7 a5 33. Kg3 Kg7 34. Rc3 Rxb2 35. Rcc7 Rf8 36. h6+ Kxh6 37. Rxf7 Rxf7 38. Rxf7 a4 39. f4 Rb3+ 40. Kg2 g5 41. f5 a3 42. Rf6+ Kg7 43. Ra6 b4 44. Ra7+ Kf6 45. Rxh7 a2 46. Ra7 Ra3 0-1


[Site "https://www.chess.com"]

[Event "Titled Tuesday Blitz July 25 Late 2023"]
[White "The_Straightforward_Rook"]
[Black "Hartikainen, Jarmo"]
[BlackFideId "503134"]
[WhiteElo "2376"]
[BlackElo "2084"]
[Result "1-0"]
[Round "8"]
[TimeControl "180+2"]
[Date "2023.07.25"]
[WhiteClock "0:01:17"]
[BlackClock "0:00:03"]
[Board "140"]

1. d4 d5 2. Nf3 Nf6 3. c4 e6 4. Bg5 Be7 5. e3 O-O 6. Qc2 Nbd7 7. Nc3 a6 8. c5 Re8 9. Bd3 h6 10. Bf4 b5 11. h3 c6 12. g4 Bf8 13. O-O-O a5 14. Ne2 a4 15. Kb1 b4 16. Qd2 Qa5 17. Ng3 b3 18. a3 Qxd2 19. Nxd2 Ba6 20. Bxa6 Rxa6 21. Nf3 g5 22. Be5 Nxe5 23. Nxe5 Rd8 24. Nd3 Bg7 25. f3 Nd7 26. Nb4 Rda8 27. h4 e5 28. hxg5 hxg5 29. Nf5 exd4 30. exd4 Nf6 31. Nxa6 Rxa6 32. Rde1 Kf8 33. Re7 Ra8 34. Rhe1 Re8 35. Rxe8+ Nxe8 36. Rxe8+ Kxe8 37. Nxg7+ Ke7 38. Kc1 Kf6 39. Nf5 Ke6 40. Kd2 Kd7 41. Kc3 Kc7 42. Kb4 1-0


[Site "https://www.chess.com"]

[Event "Titled Tuesday Blitz July 25 Late 2023"]
[White "Biliy, Vadim"]
[Black "Bazzano, Sebastian"]
[WhiteFideId "14114127"]
[BlackFideId "104566"]
[WhiteElo "2279"]
[BlackElo "2200"]
[Result "0-1"]
[Round "8"]
[TimeControl "180+2"]
[Date "2023.07.25"]
[WhiteClock "0:00:00"]
[BlackClock "0:00:01"]
[Board "141"]

1. d4 Nf6 2. Nf3 e6 3. e3 d5 4. c4 Be7 5. Nc3 O-O 6. Be2 b6 7. O-O Bb7 8. b3 c5 9. cxd5 exd5 10. Bb2 Nc6 11. dxc5 bxc5 12. Rc1 Rc8 13. Na4 Nb8 14. Ne5 Nfd7 15. Bg4 f5 16. Bf3 Nf6 17. Nd3 Ba6 18. Re1 c4 19. Nf4 Bb4 20. Nxd5 Bxe1 21. Nxf6+ gxf6 22. Qxe1 cxb3 23. axb3 Rxc1 24. Qxc1 Qd3 25. Nc5 Qd6 26. Nxa6 Nxa6 27. Qc4+ Kg7 28. g3 Rd8 29. Bd4 Rd7 30. Qd3 Qe6 31. Qc3 Nc7 32. h4 Nb5 33. Qc6 Nxd4 34. exd4 Qxc6 35. Bxc6 Rxd4 36. Kg2 Rb4 37. Bd5 a5 38. Kf3 h5 39. Ke3 Kf8 40. Kd3 Ke7 41. Bc4 a4 42. bxa4 Rxa4 43. Bd5 Ra1 44. Ke3 Kf8 45. Bf3 Kg7 46. Bxh5 Ra3+ 47. Kf4 Ra2 48. Ke3 Ra3+ 49. Ke2 Ra2+ 0-1


[Site "https://www.chess.com"]

[Event "Titled Tuesday Blitz July 25 Late 2023"]
[White "Quirke, Jeffrey"]
[Black "Broca Jimenez, Fernando"]
[WhiteFideId "2013029"]
[BlackFideId "5104742"]
[WhiteElo "2178"]
[BlackElo "2260"]
[Result "1-0"]
[Round "8"]
[TimeControl "180+2"]
[Date "2023.07.25"]
[WhiteClock "0:00:44"]
[BlackClock "0:00:21"]
[Board "142"]

1. c4 g6 2. Nc3 Bg7 3. g3 Nf6 4. Bg2 d6 5. Nf3 O-O 6. O-O Nc6 7. d3 e5 8. b3 e4 9. dxe4 Nxe4 10. Nxe4 Bxa1 11. Bg5 f6 12. Qxa1 fxg5 13. Nexg5 Ne5 14. Nxe5 Qxg5 15. Bd5+ Kg7 16. Ng4+ Rf6 17. Nxf6 Qxf6 18. Qxf6+ Kxf6 19. f4 c6 20. Bf3 Be6 21. Rd1 Ke7 22. e3 Rf8 23. Kf2 a5 24. g4 a4 25. g5 axb3 26. axb3 Ra8 27. Rd2 Ra3 28. Rb2 Kd7 29. h4 b5 30. cxb5 cxb5 31. h5 Rxb3 32. Rxb3 Bxb3 33. h6 Be6 34. Be4 Bg8 35. f5 gxf5 36. Bxf5+ Ke7 37. g6 hxg6 38. Bxg6 Kf6 39. h7 Bxh7 40. Bxh7 Ke5 41. Ke2 Kd5 42. Kd3 Ke5 43. Bg8 Kf6 44. Bd5 Ke5 45. Bb3 d5 46. Ba2 b4 47. Bb3 Kd6 48. Kd4 1-0


[Site "https://www.chess.com"]